 Dungeon Crawl Stone Soup version 0.31.0-11-ge490571c62 (webtiles) character file.

Game seed: 5285243011061788202

32 Ashen the Sneak (level 3, -2/25 HPs)
             Began as a Gnoll Enchanter on Feb 2, 2024.
             Slain by a gnoll
             ... wielding a +0 halberd
              (10 damage)
             ... on level 2 of the Dungeon.
             The game lasted 00:01:24 (1106 turns).

Ashen the Sneak (Gnoll Enchanter)                   Turns: 1106, Time: 00:01:25

Health: -2/25      AC:  2    Str:  7    XL:     3   Next: 25%
Magic:  7/9        EV: 13    Int: 14    God:
Gold:   48         SH:  0    Dex: 14    Spells: 10/12 levels left

rFire   . . .        a - +1 dagger
rCold   . . .        (no shield)
rNeg    . . .        b - +0 robe
rPois   .            (no helmet)
rElec   .            (no cloak)
rCorr   .            (no gloves)
SInv    .            (no boots)
Will    .....        (no amulet)
Stlth   +++          (no ring)
HPRegen 0.24/turn    (no ring)
MPRegen 0.11/turn

%: no passive effects
@: no status effects
A: fangs 1, strong nose, distributed training
a: no special abilities


You were on level 2 of the Dungeon.
You visited 1 branch of the dungeon, and saw 2 of its levels.

You collected 48 gold pieces.

Inventory:

Hand Weapons
 a - a +1 dagger (weapon)
Armour
 b - a +0 robe (worn)
Scrolls
 d - 2 scrolls of teleportation {unknown}
 e - a scroll of fog {unknown}
 h - a scroll of identify {unknown}
 i - a scroll of noise {unknown}
 j - a scroll of enchant weapon {unknown}
Potions
 c - 2 potions of invisibility
 f - 2 potions of might {unknown}
 g - 2 potions of attraction {unknown}
 k - a potion of haste {unknown}


   Skills:
 + Level 0.7 Fighting
 + Level 2.6 Short Blades
 + Level 0.7 Long Blades
 + Level 0.7 Axes
 + Level 0.7 Maces & Flails
 + Level 0.7 Polearms
 + Level 0.7 Staves
 + Level 0.7 Ranged Weapons
 + Level 0.7 Throwing
 + Level 0.7 Armour
 + Level 4.5 Dodging
 + Level 6.0 Stealth
 + Level 0.7 Shields
 + Level 0.7 Unarmed Combat
 + Level 5.0 Spellcasting
 + Level 0.5 Conjurations
 + Level 5.4 Hexes
 + Level 0.5 Summonings
 + Level 0.5 Necromancy
 + Level 0.5 Translocations
 + Level 0.5 Fire Magic
 + Level 0.5 Ice Magic
 + Level 0.5 Air Magic
 + Level 0.5 Earth Magic
 + Level 0.5 Alchemy
 + Level 0.9 Invocations
 + Level 0.7 Evocations
 + Level 0.6 Shapeshifting


You had 10 spell levels left.
You knew the following spells:

 Your Spells              Type           Power      Damage    Failure   Level
a - Ensorcelled Hibernat  Hex/Ice        22%        N/A       8%          2

Your spell library contained the following spells:

 Spells                   Type           Power      Damage    Failure   Level
 Jinxbite                 Hex            36%        N/A       2%          2
 Confusing Touch          Hex            18%        N/A       5%          3
 Tukima's Dance           Hex            18%        N/A       5%          3
 Apportation              Tloc           8%         N/A       14%         1
 Kiss of Death            Conj/Necr      16%        2d6       14%         1
 Dazzling Flash           Conj/Hex       22%        N/A       16%         3
 Dispel Undead            Necr           4%         3d7       80%         4
 Alistair's Intoxication  Alch           2%         N/A       98%         5


Dungeon Overview and Level Annotations

Branches:
Dungeon (2/15)

Altars:

Shops:
D:1 (


Innate Abilities, Weirdness & Mutations

You have very sharp teeth.
Your uncanny sense of smell can sniff out nearby items.
Your experience applies equally to all skills.


Message History

The jackal closely misses you.
A kobold comes into view. It is wielding a +0 whip.
A jackal comes into view.
The jackal bites you.
The jackal barks!
You hit the jackal.
You kill the jackal!
Found 6 stones.
A rat comes into view.
The jackal bites you but does no damage.
The jackal bites you.
The rat moves out of view.
You completely miss the jackal. The jackal bites you.
The gnoll hits you from afar with a +0 halberd!
* * * LOW HITPOINT WARNING * * *
You are too injured to fight recklessly!
You are too injured to fight recklessly!
A gnoll comes into view. It is wielding a +0 whip.
The jackal attacks as it pursues you! The jackal completely misses you.
The gnoll attacks as it pursues you! The gnoll barely misses you.
The jackal attacks as it pursues you! The jackal closely misses you.
The jackal completely misses you.
An adder comes into view.
You see here a scroll labelled ZYPEULA JAPHE.
Casting: Ensorcelled Hibernation (safe; 8% risk of failure)
Confirm with . or Enter, or press ? or * to list all spells.
Aiming: Ensorcelled Hibernation (safe; 8% risk of failure)
Press: ? - help, Shift-Dir - straight line, f - jackal
Aim: a jackal (chance to affect: 62%)
Okay, then.
The gnoll attacks as it pursues you! The gnoll barely misses you.
The jackal closely misses you.
Casting: Ensorcelled Hibernation (safe; 8% risk of failure)
Confirm with . or Enter, or press ? or * to list all spells.
Aiming: Ensorcelled Hibernation (safe; 8% risk of failure)
Press: ? - help, Shift-Dir - straight line, f - jackal
Aim: a jackal (chance to affect: 62%)
The jackal looks drowsy...
The rat squeaks loudly.
You hear a shout!
The gnoll hits you from afar with a +0 halberd!
You die...

.....#... ...(. ....#.# ....
. ### .....# ... ..
..#########...# .. ...
...##........# .# S.
......#####.## ##.#.###.
....#######.########........
....# #.........##.K.# ...##
#.........@hg### ..##
#..†......#### ###
#.........# #.........#
###########


You could see a gnoll, a jackal (asleep) and a kobold.

Vanquished Creatures
  6 bats (D:1)
  3 endoplasms (D:1)
  2 giant cockroaches (D:1)
  7 goblins (D:1)
  4 hobgoblins
  2 jackals (D:2)
  A quokka (D:1)
  2 frilled lizards (D:1)
  A kobold (D:1)
28 creatures vanquished.

Notes
Turn   | Place    | Note
-------+----------+-------------------------------------------
     0 | D:1      | Ashen the Gnoll Enchanter began the quest for the Orb.
     0 | D:1      | Reached XP level 1. HP: 13/13 MP: 6/6
    73 | D:1      | Reached XP level 2. HP: 12/19 MP: 7/7
    76 | D:1      | Learned a level 2 spell: Ensorcelled Hibernation
   648 | D:1      | Reached skill level 5 in Spellcasting
   648 | D:1      | Reached XP level 3. HP: 25/25 MP: 7/9
   679 | D:1      | Found Buxo's Antique Weapon Shoppe.
   761 | D:1      | Reached skill level 6 in Stealth
  1106 | D:2      | Slain by a gnoll

Illustrated notes

Levels and vault maps discovered:
D:1:      psy_arrival_radial02, layout_loops_cross, serial_shops, shop_statue,
          roderic_serpentine_path
D:2:      layout_rooms

Skill      XL: |  1  2  3 |
---------------+----------+-----
Spellcasting   | 5 |  5.0
Stealth        | 6 |  6.0
Fighting       | |  0.7
Short Blades   | |  2.6
Long Blades    | |  0.7
Axes           | |  0.7
Maces & Flails | |  0.7
Polearms       | |  0.7
Staves         | |  0.7
Ranged Weapons | |  0.7
Throwing       | |  0.7
Armour         | |  0.7
Dodging        | |  4.5
Shields        | |  0.7
Unarmed Combat | |  0.7
Conjurations   | |  0.5
Hexes          | |  5.4
Summonings     | |  0.5
Necromancy     | |  0.5
Translocations | |  0.5
Fire Magic     | |  0.5
Ice Magic      | |  0.5
Air Magic      | |  0.5
Earth Magic    | |  0.5
Alchemy        | |  0.5
Invocations    | |  0.9
Evocations     | |  0.7
Shapeshifting  | |  0.6

Action                     || total
---------------------------++-------
  Melee: Dagger            ||    85
         Bite              ||     9
   Cast: Ensorcelled Hiber ||     1
   Stab: Sleeping          ||     6
 Armour: Robe              ||    38
  Dodge: Dodged            ||    63
